[ AOE2 MATCH · #495891970 ]
UnrankedHindustanis vs Aztecs
Rival team · LOSS
[ REPLAY ANALYSIS · EXTRACTED FROM THE RECORDED GAME ]
Feudal
8:50
Castle
18:57
Imperial
—
| APM avg | 57.2 |
| APM peak | 103 |
| eAPM avg | 34.4 |
| Villagers / military | 183 / 174 |
Focus
⚔️ 33.4% · 🌾 66.6%
Cavalry Archer ×111 · Scout Cavalry ×42 · Mangonel ×9 · Archer ×6 · Armored Elephant ×5 · Spearman ×1
Feudal
11:28
Castle
15:21
Imperial
—
| APM avg | 54.1 |
| APM peak | 89 |
| eAPM avg | 25.9 |
| Villagers / military | 85 / 91 |
Focus
⚔️ 41.1% · 🌾 58.9%
Eagle Scout ×68 · Mangonel ×13 · Monk ×7 · Scorpion ×3
Match map
Initial resources + every placement click. Lines = walls · curves = elevation contours. ◆ gold · ⬟ stone · ● berries · ✦ relic · ◌ wall gap
Your base· ✓ Closed at 18:57 · 49t walls · no gate
金戈铁鸡's base· Open — 3t gap
Smoothed initial terrain · ◌ = detected wall gap · hover for details
Inputs per minute
— Patching85 - - 金戈铁鸡
Build order — Patching85
First 150 of 510 actions detected
| 0:00 | Queue | Villager (Male) |
| 0:01 | Build | House |
| 0:03 | Build | House |
| 0:08 | Queue | Villager (Male) |
| 0:14 | Queue | Villager (Male) |
| 0:19 | Queue | Villager (Male) |
| 1:01 | Queue | Villager (Male) |
| 1:32 | Queue | Villager (Male) |
| 1:54 | Build | Mill |
| 2:01 | Queue | Villager (Male) |
| 2:01 | Queue | Villager (Male) |
| 2:32 | Queue | Villager (Male) |
| 3:04 | Queue | Villager (Male) |
| 3:05 | Queue | Villager (Male) |
| 3:05 | Queue | Villager (Male) |
| 3:33 | Queue | Villager (Male) |
| 3:52 | Build | House |
| 3:57 | Queue | Villager (Male) |
| 3:58 | Queue | Villager (Male) |
| 3:58 | Queue | Villager (Male) |
| 4:39 | Queue | Villager (Male) |
| 5:04 | Build | Lumber Camp |
| 5:13 | Build | Lumber Camp |
| 5:41 | Queue | Villager (Male) |
| 5:41 | Research | Loom |
| 6:36 | Research | Feudal Age |
| 7:02 | Build | Mining Camp |
| 7:47 | Queue | Villager (Male) |
| 8:01 | Build | Barracks |
| 8:06 | Build | House |
| 8:50 | Age | Feudal Age |
| 9:05 | Build | Archery Range |
| 9:07 | Queue | Villager (Male) |
| 9:27 | Research | Double-Bit Axe |
| 9:27 | Research | Double-Bit Axe |
| 9:30 | Queue | Villager (Male) |
| 9:40 | Build | Palisade Gate |
| 9:46 | Build | Palisade Wall |
| 9:48 | Build | Palisade Wall |
| 9:50 | Queue | Archer |
| 9:54 | Build | Palisade Wall |
| 9:58 | Queue | Villager (Male) |
| 10:06 | Build | House |
| 10:08 | Queue | Archer |
| 10:11 | Queue | Villager (Male) |
| 10:29 | Build | Mill |
| 10:44 | Build | Palisade Wall |
| 10:45 | Queue | Villager (Male) |
| 10:48 | Queue | Archer |
| 10:53 | Queue | Spearman |
| 11:09 | Build | House |
| 11:25 | Research | Horse Collar |
| 11:25 | Research | Horse Collar |
| 11:26 | Queue | Villager (Male) |
| 11:35 | Queue | Archer |
| 11:40 | Queue | Villager (Male) |
| 11:47 | Build | House |
| 12:01 | Build | Farm |
| 12:08 | Build | House |
| 12:17 | Queue | Villager (Male) |
| 12:23 | Queue | Archer |
| 12:32 | Build | Farm |
| 12:36 | Build | Palisade Wall |
| 12:44 | Queue | Villager (Male) |
| 12:53 | Build | Palisade Wall |
| 13:08 | Build | Farm |
| 13:09 | Queue | Villager (Male) |
| 13:26 | Build | Farm |
| 13:33 | Build | House |
| 13:36 | Build | Palisade Wall |
| 13:42 | Queue | Villager (Male) |
| 13:45 | Build | Farm |
| 13:57 | Build | Farm |
| 13:57 | Queue | Villager (Male) |
| 14:07 | Build | Farm |
| 14:25 | Build | Farm |
| 14:26 | Queue | Villager (Male) |
| 14:34 | Build | Farm |
| 15:00 | Queue | Villager (Male) |
| 15:20 | Queue | Villager (Male) |
| 15:26 | Build | Market |
| 15:38 | Queue | Archer |
| 15:41 | Queue | Villager (Male) |
| 16:17 | Research | Castle Age |
| 16:17 | Research | Castle Age |
| 16:17 | Research | Castle Age |
| 16:31 | Build | Stable |
| 16:52 | Build | Stable |
| 17:03 | Build | Archery Range |
| 17:25 | Research | Bloodlines |
| 17:25 | Research | Bloodlines |
| 17:39 | Build | Blacksmith |
| 18:01 | Build | House |
| 18:06 | Research | Fletching |
| 18:13 | Queue | Villager (Male) |
| 18:25 | Build | Lumber Camp |
| 18:44 | Build | House |
| 18:46 | Build | House |
| 18:49 | Build | House |
| 18:50 | Build | House |
| 18:57 | Age | Castle Age |
| 19:00 | Research | Bodkin Arrow |
| 19:04 | Queue | Cavalry Archer |
| 19:04 | Queue | Cavalry Archer |
| 19:08 | Research | Bow Saw |
| 19:08 | Research | Bow Saw |
| 19:11 | Queue | Villager (Male) |
| 19:33 | Queue | Cavalry Archer |
| 19:33 | Queue | Cavalry Archer |
| 19:45 | Queue | Villager (Male) |
| 19:49 | Build | Mining Camp |
| 19:57 | Queue | Cavalry Archer |
| 20:08 | Queue | Villager (Male) |
| 20:11 | Queue | Cavalry Archer |
| 20:11 | Queue | Cavalry Archer |
| 20:11 | Queue | Cavalry Archer |
| 20:26 | Queue | Cavalry Archer |
| 20:26 | Queue | Cavalry Archer |
| 20:35 | Queue | Villager (Male) |
| 20:52 | Build | Siege Workshop |
| 20:57 | Queue | Cavalry Archer |
| 20:57 | Queue | Cavalry Archer |
| 20:57 | Queue | Cavalry Archer |
| 20:58 | Queue | Villager (Male) |
| 21:06 | Build | House |
| 21:06 | Queue | Villager (Male) |
| 21:14 | Queue | Cavalry Archer |
| 21:15 | Queue | Cavalry Archer |
| 21:35 | Queue | Mangonel |
| 21:38 | Queue | Villager (Male) |
| 21:44 | Queue | Cavalry Archer |
| 21:49 | Build | House |
| 21:52 | Build | House |
| 21:58 | Queue | Cavalry Archer |
| 21:59 | Queue | Villager (Male) |
| 22:05 | Build | House |
| 22:10 | Queue | Cavalry Archer |
| 22:10 | Queue | Cavalry Archer |
| 22:22 | Research | Husbandry |
| 22:35 | Queue | Villager (Male) |
| 22:39 | Queue | Mangonel |
| 22:55 | Build | House |
| 22:56 | Build | House |
| 22:58 | Queue | Cavalry Archer |
| 22:59 | Queue | Cavalry Archer |
| 23:00 | Queue | Villager (Male) |
| 23:19 | Build | Town Center |
| 23:23 | Queue | Cavalry Archer |
| 23:24 | Queue | Cavalry Archer |
| 23:24 | Queue | Cavalry Archer |
Build order — 金戈铁鸡
First 150 of 249 actions detected
| 0:01 | Queue | Villager (Male) |
| 0:01 | Queue | Villager (Male) |
| 0:02 | Queue | Villager (Male) |
| 0:02 | Queue | Villager (Male) |
| 0:03 | Build | House |
| 0:04 | Build | House |
| 1:17 | Queue | Villager (Male) |
| 1:17 | Queue | Villager (Male) |
| 1:40 | Queue | Villager (Male) |
| 2:03 | Queue | Villager (Male) |
| 2:03 | Queue | Villager (Male) |
| 2:09 | Build | Lumber Camp |
| 2:53 | Queue | Villager (Male) |
| 2:53 | Queue | Villager (Male) |
| 3:30 | Queue | Villager (Male) |
| 3:40 | Queue | Villager (Male) |
| 3:46 | Build | House |
| 4:18 | Queue | Villager (Male) |
| 4:18 | Queue | Villager (Male) |
| 4:18 | Queue | Villager (Male) |
| 4:37 | Queue | Villager (Male) |
| 4:48 | Queue | Villager (Male) |
| 4:49 | Queue | Villager (Male) |
| 5:06 | Build | Mill |
| 5:45 | Build | House |
| 6:08 | Queue | Villager (Male) |
| 6:34 | Queue | Villager (Male) |
| 6:48 | Build | Mill |
| 6:57 | Queue | Villager (Male) |
| 7:15 | Queue | Villager (Male) |
| 7:27 | Queue | Villager (Male) |
| 7:48 | Build | Palisade Wall |
| 7:50 | Queue | Villager (Male) |
| 8:03 | Build | Palisade Wall |
| 8:20 | Build | Palisade Wall |
| 8:27 | Build | Palisade Wall |
| 8:34 | Build | Palisade Wall |
| 8:37 | Queue | Villager (Male) |
| 8:39 | Research | Loom |
| 9:04 | Research | Feudal Age |
| 9:09 | Build | House |
| 9:11 | Build | Palisade Wall |
| 9:17 | Build | House |
| 10:26 | Queue | Villager (Male) |
| 10:33 | Build | Barracks |
| 11:28 | Age | Feudal Age |
| 11:32 | Build | Market |
| 12:05 | Queue | Villager (Male) |
| 12:12 | Build | Blacksmith |
| 12:41 | Research | Castle Age |
| 13:13 | Build | Palisade Gate |
| 13:30 | Build | Mining Camp |
| 13:32 | Research | Scale Mail Armor |
| 13:33 | Queue | Eagle Scout |
| 13:46 | Build | Mining Camp |
| 14:00 | Build | Barracks |
| 14:22 | Queue | Villager (Male) |
| 14:29 | Build | Mining Camp |
| 14:44 | Build | Farm |
| 14:46 | Build | Farm |
| 14:53 | Build | Watch Tower |
| 14:59 | Build | Farm |
| 15:21 | Age | Castle Age |
| 15:29 | Queue | Eagle Scout |
| 15:43 | Build | Farm |
| 15:44 | Queue | Eagle Scout |
| 16:08 | Queue | Villager (Male) |
| 16:20 | Build | Farm |
| 16:35 | Queue | Eagle Scout |
| 16:41 | Build | Farm |
| 16:42 | Queue | Villager (Male) |
| 16:55 | Build | House |
| 17:12 | Queue | Eagle Scout |
| 17:13 | Queue | Eagle Scout |
| 17:13 | Queue | Eagle Scout |
| 17:22 | Build | Monastery |
| 17:29 | Queue | Eagle Scout |
| 17:29 | Queue | Eagle Scout |
| 17:33 | Queue | Villager (Male) |
| 17:38 | Build | Farm |
| 17:47 | Research | Arson |
| 17:47 | Research | Arson |
| 17:54 | Research | Arson |
| 17:54 | Research | Arson |
| 17:56 | Queue | Villager (Male) |
| 18:10 | Queue | Monk |
| 18:27 | Build | House |
| 18:33 | Queue | Eagle Scout |
| 18:47 | Build | Siege Workshop |
| 18:52 | Build | Siege Workshop |
| 18:57 | Queue | Eagle Scout |
| 18:57 | Queue | Eagle Scout |
| 19:09 | Queue | Villager (Male) |
| 19:10 | Queue | Villager (Male) |
| 19:33 | Queue | Monk |
| 19:54 | Queue | Mangonel |
| 20:37 | Queue | Monk |
| 20:37 | Queue | Villager (Male) |
| 21:21 | Build | House |
| 21:28 | Queue | Scorpion |
| 21:30 | Build | House |
| 21:39 | Research | Eagle Warrior (upgrade) |
| 21:47 | Build | Farm |
| 21:53 | Build | House |
| 21:55 | Queue | Villager (Male) |
| 22:06 | Queue | Scorpion |
| 22:28 | Queue | Monk |
| 22:51 | Queue | Villager (Male) |
| 22:53 | Research | Chain Mail Armor |
| 22:54 | Queue | Villager (Male) |
| 23:15 | Queue | Eagle Scout |
| 23:15 | Queue | Eagle Scout |
| 23:20 | Queue | Villager (Male) |
| 23:22 | Build | Farm |
| 23:39 | Queue | Mangonel |
| 23:43 | Build | House |
| 23:46 | Build | Farm |
| 23:50 | Queue | Eagle Scout |
| 23:50 | Queue | Eagle Scout |
| 24:29 | Queue | Eagle Scout |
| 24:29 | Queue | Eagle Scout |
| 25:16 | Queue | Eagle Scout |
| 25:17 | Queue | Eagle Scout |
| 25:17 | Queue | Eagle Scout |
| 25:17 | Queue | Eagle Scout |
| 25:33 | Queue | Eagle Scout |
| 25:33 | Queue | Eagle Scout |
| 25:44 | Queue | Eagle Scout |
| 25:44 | Queue | Eagle Scout |
| 25:45 | Queue | Villager (Male) |
| 25:45 | Queue | Villager (Male) |
| 25:46 | Queue | Villager (Male) |
| 25:48 | Build | Barracks |
| 26:26 | Queue | Eagle Scout |
| 26:26 | Queue | Villager (Male) |
| 26:31 | Build | Siege Workshop |
| 26:37 | Queue | Eagle Scout |
| 26:39 | Queue | Eagle Scout |
| 26:47 | Queue | Eagle Scout |
| 26:47 | Queue | Eagle Scout |
| 27:07 | Queue | Monk |
| 27:16 | Queue | Villager (Male) |
| 27:39 | Queue | Eagle Scout |
| 27:43 | Queue | Scorpion |
| 27:45 | Queue | Villager (Male) |
| 28:09 | Build | Outpost |
| 28:25 | Queue | Mangonel |
| 28:27 | Build | House |
| 28:29 | Build | House |
| 28:43 | Build | House |
Match timeline
| 7:48 | 金戈铁鸡 · wall_segment Palisade Wall x13 |
| 8:01 | Patching85 · first_building Barracks |
| 8:03 | 金戈铁鸡 · wall_segment Palisade Wall x9 |
| 8:20 | 金戈铁鸡 · wall_segment Palisade Wall x4 |
| 8:27 | 金戈铁鸡 · wall_segment Palisade Wall x4 |
| 8:34 | 金戈铁鸡 · wall_segment Palisade Wall x7 |
| 8:50 | Patching85 · age_up feudal |
| 9:05 | Patching85 · first_building Archery Range |
| 9:11 | 金戈铁鸡 · wall_segment Palisade Wall x1 |
| 9:46 | Patching85 · wall_segment Palisade Wall x1 |
| 9:48 | Patching85 · wall_segment Palisade Wall x1 |
| 9:54 | Patching85 · wall_segment Palisade Wall x11 |
| 10:33 | 金戈铁鸡 · first_building Barracks |
| 10:44 | Patching85 · wall_segment Palisade Wall x6 |
| 11:28 | 金戈铁鸡 · age_up feudal |
| 12:24 | 金戈铁鸡 · first_market_sell 100 stone |
| 12:25 | 金戈铁鸡 · first_market_buy 100 food |
| 12:36 | Patching85 · wall_segment Palisade Wall x7 |
| 12:53 | Patching85 · wall_segment Palisade Wall x5 |
| 13:36 | Patching85 · wall_segment Palisade Wall x18 |
| 15:21 | 金戈铁鸡 · age_up castle |
| 16:16 | Patching85 · first_market_buy 100 food |
| 16:31 | Patching85 · first_building Stable |
| 17:22 | 金戈铁鸡 · first_building Monastery |
| 18:47 | 金戈铁鸡 · first_building Siege Workshop |
| 18:57 | Patching85 · age_up castle |
| 20:10 | Patching85 · first_market_sell 100 food |
| 20:52 | Patching85 · first_building Siege Workshop |
| 39:29 | Patching85 · first_building Castle |
| 44:22 | 金戈铁鸡 · resign |
[ AI ANALYSIS · 1 CREDIT ]
What really happened in this match?
Wolo.gg analyzes every decision: build order, eco, micro, common mistakes by bracket. Personalized analysis on WhatsApp or Discord in 30 seconds.
Civ guide
Hindustanis
Perfil
Jugador #10259201